 Dungeon Crawl Stone Soup version 0.21-a0-125-gb006224 (webtiles) character file.

8852 kuniqs the Arsonist (level 11, -4/54 HPs)
             Began as a Deep Elf Fire Elementalist on July 16, 2017.
             Was an Initiate of Vehumet.
             Slain by a komodo dragon (22 damage)
             ... on level 11 of the Dungeon.
             The game lasted 00:28:43 (16051 turns).

kuniqs the Arsonist (Deep Elf Fire Elementalist)   Turns: 16051, Time: 00:28:43

Health: -4/54      AC: 11    Str:  9      XL:     11   Next: 15%
Magic:  18/27      EV: 12    Int: 27      God:    Vehumet [......]
Gold:   1216       SH:  0    Dex: 14 (15) Spells: 9/30 levels left

rFire    . . .     SeeInvis +   S - +0 demon trident (elec)
rCold    . . .     Gourm    .   (no shield)
rNeg     + . .     Faith    .   r - +1 leather armour {rPois}
rPois    +         Spirit   .   G - +2 helmet {Int+3}
rElec    +         Reflect  .   j - +0 cloak
rCorr    .         Harm     .   u - +1 pair of gloves
MR       ++++.                  p - +0 pair of boots
Stlth    ++++......             (no amulet)
HPRegen  0.18/turn              R - ring "Bicocs" {rElec MR+++ Str-4 Slay+2 SInv}
MPRegen  0.20/turn              L - ring of Yhaorche {rN+ Str+8}

@: marked
A: no striking features
a: Renounce Religion


You were on level 11 of the Dungeon.
You worshipped Vehumet.
Vehumet was noncommittal.
You were very hungry.

You visited 2 branches of the dungeon, and saw 12 of its levels.
You also visited: Trove and Sewer.

You collected 1216 gold pieces.

Inventory:

Hand Weapons
 S - a +0 demon trident of electrocution (weapon)
Missiles
 o - 348 stones (quivered)
 H - 2 throwing nets
Armour
 j - a +0 cloak (worn)
 p - a +0 pair of boots (worn)
 r - a +1 leather armour of poison resistance (worn)
 s - the +2 robe of Free Will {*Slow rPois Dex+10 Stlth+}
   (You found it on level 8 of the Dungeon)

   It affects your dexterity (+10).
   It protects you from poison.
   It may slow you when you take damage.
   It makes you more stealthy.
 u - a +1 pair of gloves (worn)
 G - a +2 helmet of intelligence (worn)
 O - a +0 large shield of reflection
Jewellery
 q - an uncursed ring of fire
 D - an uncursed ring of ice
 L - the ring of Yhaorche (right hand) {rN+ Str+8}
   (You found it in a treasure trove)

   [ring of positive energy]

   It affects your strength (+8).
   It protects you from negative energy.
 R - the ring "Bicocs" (left hand) {rElec MR+++ Str-4 Slay+2 SInv}
   (You found it in a treasure trove)

   [ring of see invisible]

   It affects your strength (-4).
   It affects your accuracy and damage with ranged weapons and melee attacks
   (+2).
   It insulates you from electricity.
   It affects your resistance to hostile enchantments.
   It lets you see invisible.
Wands
 t - a wand of enslavement (7/24)
 x - a wand of flame (5/48)
 y - a wand of clouds (3/9)
 I - a wand of iceblast (10/15)
 J - a wand of lightning (2/15)
 M - a wand of flame (21/48)
Scrolls
 h - 10 scrolls of teleportation
 i - 3 scrolls of magic mapping
 l - 3 scrolls of identify {@r1}
 n - a scroll of recharging
 w - 2 scrolls of enchant armour
 z - a scroll of immolation
 F - a scroll of blinking {unknown}
 K - a scroll of amnesia
 N - a scroll of fog
 P - a scroll of remove curse {@r2}
 Q - a scroll of enchant weapon {unknown}
Potions
 a - a potion of heal wounds {unknown}
 c - a potion of lignification
 g - 5 potions of curing {@q1}
 v - a potion of berserk rage {unknown}
 A - 3 potions of might
 B - a potion of agility {unknown}
 C - a potion of flight
 E - a potion of brilliance
Books
 b - a book of Flames

   Spells                             Type                      Level
   a - Flame Tongue                   Conjuration/Fire             1
   b - Throw Flame                    Conjuration/Fire             2
   c - Conjure Flame                  Conjuration/Fire             3
   d - Inner Flame                    Hexes/Fire                   3
   e - Sticky Flame                   Conjuration/Fire             4
   f - Fireball                       Conjuration/Fire             5
Comestibles
 d - 8 bread rations
 e - 8 meat rations
 f - 6 fruits
 k - 4 royal jellies


   Skills:
 + Level 0.2 Fighting
 + Level 2.7 Dodging
 + Level 9.2 Stealth
 + Level 10.0 Spellcasting
 - Level 10.1 Conjurations
 - Level 11.2 Fire Magic
 - Level 2.8 Ice Magic
 + Level 3.3 Evocations


You had 9 spell levels left.
You knew the following spells:

 Your Spells              Type           Power        Failure   Level  Hunger
a - Flame Tongue          Conj/Fire      #####        1%          1    None
b - Throw Flame           Conj/Fire      ######       1%          2    None
c - Conjure Flame         Conj/Fire      ######..     1%          3    None
d - Sticky Flame          Conj/Fire      ######..     1%          4    None
e - Fireball              Conj/Fire      ######....   1%          5    ####...
f - Mephitic Cloud        Conj/Pois/Air  ####....     4%          3    None
g - Blink                 Tloc           N/A          9%          2    None
h - Freeze                Ice            ####         1%          1    None


Dungeon Overview and Level Annotations

Branches:
Dungeon (11/15)            Temple (1/1) D:5            Lair (0/6) D:11
    Orc (0/2) D:11

Altars:
Ashenzari
Cheibriados
Dithmenos
Elyvilon
Fedhas
Gozag
Hepliaklqana
Kikubaaqudgha
Makhleb
Nemelex Xobeh
Okawaru
Qazlal
Ru
Sif Muna
Trog
Uskayaw
Vehumet
Wu Jian
Xom
Yredelemnul
Zin
The Shining One

Portals:
Bazaar: D:11

Annotations:
D:11 Gastronok


Message History

You kill the acid dragon!
Vehumet accepts your kill.
The acid dragon scales are intact enough to wear.
Your Spellcasting skill increases to level 10!
A komodo dragon comes into view.
Okay, then.
Okay, then.
Okay, then.
Gastronok the Ponderous comes into view.
Aim: a komodo dragon The sticky flame hits the komodo dragon.
The komodo dragon is covered in liquid flames!
The komodo dragon burns!
The komodo dragon bites you.
The komodo dragon burns!
Gastronok is buffeted by a sudden breeze.
Gastronok waves his eye-stalks in wide circles.
The air twists around and strikes you!
The komodo dragon burns!
The komodo dragon burns!
The komodo dragon bites you!!
You die...

,,,,,*,,,*,...§.w#...........#,,,
,,,,,*****,......#######'#...#,**
,,,,,,,,,,,.....§§§......#...#,*
,,****,,,,,....§§§§§.....#####,*
,,* *,,,,,....§§.§...##......,*
,,* *,,,,,,....§.§.......###.,*
,,****,,,.######§§........# *,,*
,,,,,,,,,.......[l.u......#**,,**
,,,,,,,,,.......@...........,,,,,
*********####################****


You could see a brown ugly thing and a komodo dragon (burning).

Vanquished Creatures
  Pikel (D:7)
  A merfolk (D:9)
  A hippogriff (D:10)
  A vampire (D:11)
  2 wyverns
  6 yaks (D:10)
  Grum (D:8)
  An acid dragon (D:11)
  A water moccasin (D:9)
  2 slaves (D:6)
  2 black bears
  7 ogres
  5 orc warriors
  2 ice beasts
  3 phantoms
  4 sky beasts
  6 centaurs
  2 wolves (D:8)
  2 big kobolds
  Blork the orc (D:5)
  3 bullfrogs
  A gnoll sergeant (D:9)
  2 wyvern zombies
  2 wyvern skeletons
  A scorpion (D:10)
  3 killer bees (D:10)
  10 wights
  6 howler monkeys
  5 crimson imps
  5 hounds
  3 quasits
  2 jellies
  A bullfrog zombie (D:8)
  12 orc priests
  A gnoll shaman (D:9)
  3 centaur skeletons
  A bullfrog skeleton (D:10)
  3 iguanas (D:7)
  16 orc wizards
  6 worker ants
  17 gnolls
  7 adders
  A river rat (D:6)
  A shadow imp (D:7)
  7 oozes
  2 adder skeletons
  An adder zombie (D:5)
  9 worms
  A dart slug (D:1)
  5 leopard geckos
  50 orcs
  7 giant cockroaches
  10 goblins
  3 hobgoblins
  10 jackals
  14 kobolds
  8 quokkas
  5 ball pythons
  12 bats
  8 frilled lizards
  8 rats
  A spectral orc (D:7)
324 creatures vanquished.

Vanquished Creatures (others)
  A centaur zombie (D:7)
  A bat (D:2)
2 creatures vanquished.

Grand Total: 326 creatures vanquished

Notes
Turn   | Place    | Note
-------+----------+-------------------------------------------
     0 | D:1      | kuniqs the Deep Elf Fire Elementalist began the quest for the Orb.
     0 | D:1      | Reached XP level 1. HP: 10/10 MP: 6/6
   261 | D:1      | Reached XP level 2. HP: 15/15 MP: 6/8
   265 | D:1      | Learned a level 2 spell: Throw Flame
  1213 | D:2      | Reached XP level 3. HP: 19/19 MP: 6/9
  1218 | D:2      | Learned a level 3 spell: Conjure Flame
  1513 | D:2      | Reached skill level 4 in Fire Magic
  2557 | D:3      | Reached XP level 4. HP: 24/24 MP: 6/11
  2966 | D:3      | Reached XP level 5. HP: 28/28 MP: 0/13
  4048 | D:3      | Learned a level 4 spell: Sticky Flame
  4130 | D:4      | Reached skill level 5 in Fire Magic
  4546 | D:4      | Found a sacrificial altar of Ru.
  4568 | D:4      | Noticed an ogre
  4639 | D:4      | Reached XP level 6. HP: 32/32 MP: 6/14
  5238 | D:4      | Reached skill level 5 in Spellcasting
  5508 | D:5      | Entered Level 5 of the Dungeon
  5517 | D:5      | Found a staircase to the Ecumenical Temple.
  5526 | Temple   | Entered the Ecumenical Temple
  5791 | D:5      | Reached XP level 7. HP: 6/36 MP: 5/16
  6058 | D:5      | Found a shattered altar of Ashenzari.
  6071 | D:5      | Reached skill level 6 in Fire Magic
  6460 | D:5      | Found a blossoming altar of Fedhas.
  6469 | D:5      | Noticed Blork the orc
  6481 | D:5      | Learned a level 5 spell: Fireball
  6489 | D:5      | Killed Blork the orc
  6489 | D:5      | Reached skill level 5 in Conjurations
  6710 | D:5      | Reached skill level 5 in Stealth
  7457 | D:6      | Reached skill level 7 in Fire Magic
  7457 | D:6      | Reached XP level 8. HP: 41/41 MP: 9/18
  8114 | D:6      | Found a glowing drain.
  8129 | Sewer    | Entered a sewer
  8259 | Sewer    | Reached skill level 8 in Fire Magic
  9275 | D:6      | Identified a scroll of acquirement
  9275 | D:6      | Identified Sif Muna's Catalogue of the Evil Entourage (You acquired it on level 6 of the Dungeon)
  9374 | D:7      | Reached XP level 9. HP: 45/45 MP: 15/21
  9765 | D:7      | Noticed Pikel
 10148 | D:7      | Learned a level 3 spell: Mephitic Cloud
 10155 | D:7      | Learned a level 2 spell: Blink
 10650 | D:7      | Killed Pikel
 10650 | D:7      | Reached skill level 9 in Fire Magic
 10721 | D:7      | Found a shadowy altar of Dithmenos.
 11065 | D:7      | Found a basalt altar of Yredelemnul.
 11183 | D:7      | Found a glowing silver altar of Zin.
 11244 | D:7      | Found an opulent altar of Gozag.
 11347 | D:8      | Got a distressingly furry robe
 11415 | D:8      | Found a radiant altar of Vehumet.
 11432 | D:8      | Noticed Grum
 11439 | D:8      | Killed Grum
 11575 | D:8      | Reached XP level 10. HP: 50/50 MP: 15/24
 11582 | D:8      | Identified the +2 robe of Free Will {*Slow rPois Dex+10 Stlth+} (You found it on level 8 of the Dungeon)
 11807 | D:8      | Found a deep blue altar of Sif Muna.
 11812 | D:8      | Became a worshipper of Vehumet
 12134 | D:8      | Reached skill level 10 in Fire Magic
 12219 | D:8      | Found an ornate altar of the Wu Jian Council.
 12653 | D:8      | YEY
 12710 | D:9      | Reached skill level 1 in Evocations
 13025 | D:9      | Found a sparkling altar of Nemelex Xobeh.
 13026 | D:9      | Found a stormy altar of Qazlal.
 13069 | D:9      | Reached * piety under Vehumet
 13069 | D:9      | Offered knowledge of Freeze by Vehumet.
 13073 | D:9      | Learned a level 1 spell: Freeze
 13703 | D:9      | Reached skill level 1 in Ice Magic
 14644 | D:10     | Entered Level 10 of the Dungeon
 14766 | D:10     | Reached ** piety under Vehumet
 14766 | D:10     | Offered knowledge of Searing Ray by Vehumet.
 14766 | D:10     | Reached skill level 11 in Fire Magic
 14902 | D:10     | Found a stormy altar of Qazlal.
 15208 | D:10     | Reached skill level 10 in Conjurations
 15330 | D:10     | Reached XP level 11. HP: 54/54 MP: 8/26
 15747 | D:11     | Found a portal to a secret trove of treasure.
 15755 | Trove    | Entered a treasure trove
 15765 | Trove    | Got a crude silver ring
 15784 | Trove    | Got a fine bronze ring
 15785 | Trove    | Identified the ring "Bicocs" {rElec MR+++ Str-4 Slay+2 SInv} (You found it in a treasure trove)
 15786 | Trove    | Identified the ring of Yhaorche {rN+ Str+8} (You found it in a treasure trove)
 16041 | D:11     | Found a flickering gateway to a bazaar.
 16043 | D:11     | Noticed a brown ugly thing
 16044 | D:11     | Reached skill level 10 in Spellcasting
 16047 | D:11     | Noticed Gastronok
 16051 | D:11     | Slain by a komodo dragon

Vault maps used:
D:1:      dpeg_arrival_connections, serial_park_tiny_2, minmay_misc_feat_room
D:2:      first_bread, serial_park_tiny_pond, lemuel_old_faithful
D:3:      corner_web_ring, minmay_door_square, hangedman_feature_mirror,
          minmay_misc_feat_plants
D:4:      lemuel_doored_altar, solitary_fountain, minmay_strange_pillars
D:5:      ashenzari_conservatory_becter, fedhas_altar_3,
          minmay_temple_entry_statues_pillars, chequers_big_river,
          uniq_blork_the_orc
D:6:      portal_sewer_entry_e, kennysheep_generic_room_5
D:7:      grunt_temple_overflow_gold_and_silver,
          yredelemnul_forgotten_temple_becter,
          nicolae_dithmenos_through_a_glass_darkly, st_stairs_13, uniq_pikel
D:8:      marbit_many_paths, nicolae_overflow_hidden_temple, vehumet_crystals,
          uniq_grum
D:9:      gammafunk_temple_overflow_pools, hangedman_fish_farm
D:10:     basic_altar
D:11:     grunt_lair_entry_orc_guard_hut, david_orc_2, enter_trove_2,
          serial_shops, bzr_in_the_mist, uniq_gastronok
Temple:   dpeg_chambers_temple
Trove:    trove_simple
Sewer:    sewer_fruit_machine

Skill      XL: |  1  2  3  4  5  6  7  8  9 10 11 |
---------------+----------------------------------+-----
Fire Magic     | 4 5 7 8 9 11 | 11.2
Stealth        | 3 4 5 6 8 9 |  9.2
Conjurations   | 2 3 4 5 7 8 10 | 10.1
Spellcasting   | 4 5 7 8 9 10 | 10.0
Evocations     | 2 3 |  3.3
Ice Magic      | 2 |  2.8
Fighting       | |  0.2
Dodging        | |  2.7

Action                   |  1- 3 |  4- 6 |  7- 9 | 10-12 || total
-------------------------+-------+-------+-------+-------++-------
Melee: Unarmed           |       |     2 |       |       ||     2
       Dagger            |       |       |    61 |   135 ||   196
       Demon trident     |       |       |       |    18 ||    18
Throw: Stone             |       |       |    13 |       ||    13
 Cast: Flame Tongue      |    44 |    26 |   172 |   181 ||   423
       Throw Flame       |    30 |    89 |   156 |   135 ||   410
       Conjure Flame     |       |       |    11 |    15 ||    26
       Fireball          |       |       |     2 |     6 ||     8
       Sticky Flame      |       |       |     2 |     6 ||     8
       Freeze            |       |       |       |     4 ||     4
Evoke: Wand              |       |       |    11 |       ||    11
  Use: Scroll            |     3 |       |     9 |     8 ||    20
       Potion            |     1 |       |     3 |     2 ||     6
 Stab: Sleeping          |       |       |     1 |     2 ||     3
  Eat: Chunk             |     5 |    11 |    17 |    13 ||    46
       Royal jelly       |       |       |     1 |       ||     1
Armor: Robe              |     2 |     2 |    13 |       ||    17
       Leather armour    |       |       |    28 |   109 ||   137
Dodge: Dodged            |     8 |    19 |    81 |   121 ||   229
